Map: Acropolis LE

Players

Rogue

  • Race: Zerg Zerg
  • Spawn Location: 5:00

Classic - Winner!

  • Race: Protoss Protoss
  • Spawn Location: 11:00

Event: 2019 WCS Global FInals

VOD

Have the link to the VOD?

Description

Time

  • Played on: Nov. 1, 2019, 6:24 p.m.
  • Length: 9:51

All games in this series

Show
View Real Time Build Order
Export as new Build Order

Rogue Zerg 

Build Orders: Hatch First 

Get SALT Encoding   

  12  0:00  Drone  
  13  0:12  Overlord  
  13  0:17  Drone  
  14  0:30  Drone x2  
  16  0:47  Hatchery  
  15  0:50  Drone  
  15  0:54  Drone  
  17  0:57  Drone  
  18  1:08  Extractor  
  17  1:12  Spawning Pool  
  17  1:15  Drone  
  17  1:20  Drone  
  18  1:28  Drone  
  19  1:39  Drone  
  20  1:50  Overlord  
  20  1:59  Queen x2  
  20  2:00  Zergling x4  
  26  2:11  Drone x2  
  26  2:13  Metabolic Boost  
  28  2:22  Drone x2  
  30  2:34  Hatchery  
  29  2:38  Drone  
  29  2:39  Drone  
  31  2:46  Queen  
  31  2:50  Overlord  
  33  2:53  Drone  
  33  2:56  Drone  
  35  2:58  Drone  
  36  3:09  Drone  
  36  3:10  Drone x4  
  41  3:15  Overlord  
  41  3:19  Spore Crawler  
  40  3:20  Drone  
  40  3:26  Queen, Pneumatized Carapace  
  41  3:31  Overlord  
  43  3:34  Overlord  
  43  3:37  Drone  
  44  3:46  Queen  
  44  3:47  Spore Crawler  
  44  3:48  Drone x2  
  47  3:50  Zergling x2  
  47  3:51  Zergling x2  
  47  3:52  Drone  
  47  3:55  Drone  
  51  3:56  Drone  
  51  4:00  Drone x3  
  51  4:02  Drone  
  56  4:07  Spore Crawler  
  55  4:10  Drone x3  
  55  4:15  Zergling x2  
  55  4:16  Zergling x2  
  60  4:17  Overlord  
  60  4:21  Drone x4  
  64  4:26  Roach Warren  
  63  4:32  Drone x3  
  63  4:36  Lair  
  66  4:40  Overlord  
  66  4:42  Drone x4  
  70  4:46  Queen  
  70  4:49  Overlord  
  72  4:55  Extractor  
  72  4:56  Drone x2, Extractor x2  
  72  4:57  Overlord  
  70  5:05  Zergling x10  
  70  5:06  Evolution Chamber  
  74  5:10  Roach x2  
  78  5:18  Evolution Chamber  
  78  5:20  Roach  
  78  5:21  Roach x2  
  83  5:27  Roach  
  85  5:31  Roach  
  85  5:32  Overlord x2  
  85  5:35  Roach  
  89  5:39  Overlord  
  90  5:48  Roach  
  88  5:52  Roach x2  
  88  5:53  Roach  
  93  5:57  Zergling x14  
  93  6:02  Roach x3  
  99  6:12  Overlord  
  99  6:14  Zergling x4  
  99  6:15  Glial Reconstitution  
  101  6:20  Roach  
  101  6:21  Roach  
  101  6:22  Overlord x2  
  102  6:26  Overlord  
  102  6:29  Overlord  
  102  6:32  Ravager  
  102  6:39  Ravager  
  103  6:43  Ravager  
  103  6:44  Spine Crawler  
  103  6:45  Roach  
  103  6:46  Roach, Spine Crawler  
  106  6:48  Roach, Spine Crawler  
  106  6:49  Zergling x2  
  106  6:52  Roach  
  110  7:08  Roach x6  
  122  7:12  Overlord  
  118  7:16  Roach x2  
  118  7:20  Roach  
  118  7:21  Roach  
  114  7:27  Ravager  
  114  7:28  Ravager  
  114  7:29  Roach  
  118  7:34  Roach  
  118  7:35  Roach  
  100  7:45  Roach x5  
  100  7:47  Roach  
  95  7:52  Roach  
  95  7:53  Roach  
  95  7:56  Roach  
  86  7:59  Roach  
  86  8:00  Queen  
  86  8:05  Roach x2  
  77  8:07  Roach  
  77  8:11  Roach  
  77  8:12  Roach  
  83  8:18  Roach x2  
  88  8:20  Ravager  
  88  8:22  Roach  
  88  8:24  Roach  
  88  8:26  Roach  
  94  8:33  Roach x2  
  100  8:41  Roach x4  
  100  8:45  Roach  
  100  8:47  Roach  
  110  8:50  Roach  
  110  8:54  Roach  
  114  8:56  Ravager  
  114  8:59  Roach  
  114  9:02  Roach  
  119  9:03  Roach  
  120  9:11  Ravager  
  121  9:17  Roach x2  
  121  9:18  Roach  
  121  9:21  Roach  
  121  9:23  Roach  
  118  9:24  Zergling x2  
  118  9:31  Roach x2  
Show
View Real Time Build Order
Export as new Build Order

Classic Protoss - Winner!

Build Orders: 1 Gate Expand, Oracle Opening, Phoenix Opening 

Get SALT Encoding   

  12  0:00  Probe  
  13  0:12  Probe  
  14  0:18  Pylon  
  14  0:24  Probe  
  15  0:36  Probe (Chrono Boost)  
  15  0:39  Gateway  
  16  0:46  Assimilator, Probe (Chrono Boost)  
  17  0:51  Probe (Chrono Boost)  
  18  1:03  Probe  
  19  1:15  Probe  
  20  1:23  Nexus  
  20  1:27  Probe  
  21  1:37  Cybernetics Core  
  21  1:39  Probe  
  22  1:45  Assimilator  
  22  1:52  Pylon  
  22  1:55  Probe  
  23  2:10  Probe  
  23  2:11  Adept (Chrono Boost)  
  23  2:15  Stargate  
  26  2:23  Probe  
  26  2:25  Warp Gate  
  27  2:33  Adept  
  27  2:35  Probe (Chrono Boost)  
  27  2:36  Probe (Chrono Boost)  
  32  2:46  Probe x2 (Chrono Boost)  
  32  2:50  Probe (Chrono Boost)  
  32  2:51  Probe (Chrono Boost)  
  35  3:00  Phoenix (Chrono Boost)  
  35  3:01  Probe  
  35  3:02  Probe  
  39  3:11  Pylon  
  39  3:13  Probe  
  39  3:14  Probe  
  41  3:21  Oracle (Chrono Boost)  
  41  3:25  Probe  
  41  3:27  Gateway, Probe  
  46  3:37  Twilight Council, Probe  
  46  3:39  Probe  
  46  3:41  Assimilator  
  48  3:49  Probe  
  48  3:51  Probe  
  48  3:52  Gateway  
  48  3:53  Gateway  
  50  3:58  Gateway  
  50  4:01  Probe  
  51  4:03  Probe  
  51  4:05  Pylon  
  51  4:06  Resonating Glaives (Chrono Boost)  
  51  4:09  Assimilator  
  52  4:19  Robotics Facility  
  52  4:21  Probe x2  
  54  4:25  Pylon  
  54  4:29  Stargate  
  54  4:38  Pylon  
  54  4:45  Adept  
  58  4:47  Pylon, Adept  
  60  4:55  Adept x3  
  66  5:00  Pylon  
  66  5:06  Adept  
  66  5:07  Adept  
  66  5:08  Immortal  
  66  5:11  Pylon  
  72  5:17  Adept x2  
  72  5:19  Adept  
  78  5:28  Pylon  
  78  5:38  Adept  
  80  5:45  Adept x2  
  80  5:48  Immortal (Chrono Boost)  
  84  5:50  Adept x2  
  90  6:01  Sentry  
  92  6:04  Gateway  
  92  6:06  Gateway  
  92  6:08  Gateway  
  85  6:17  Immortal (Chrono Boost)  
  87  6:30  Sentry x5  
  91  6:37  Pylon  
  91  6:45  Warp Prism (Chrono Boost), Pylon  
  93  6:56  Sentry x2, Adept  
  93  6:57  Adept x2  
  93  7:00  Pylon  
  103  7:05  Adept  
  103  7:06  Adept x2  
  107  7:26  Sentry x2, Adept x5  
  107  7:27  Adept  
  123  7:31  Pylon  
  123  7:38  Warp Prism (Chrono Boost)  
  115  7:50  Adept x4, Sentry  
  93  8:04  Immortal (Chrono Boost)  
  93  8:15  Sentry, Adept x5  
  105  8:33  Immortal (Chrono Boost)  
  109  8:48  Sentry  
  109  8:49  Adept x6  
  109  8:53  Adept  
  125  9:08  Immortal (Chrono Boost)  
  125  9:21  Adept x3  
  125  9:22  Sentry, Adept  
  129  9:27  Adept  
  107  9:40  Adept x2  
Tags
 
Add a new tag
Caveats
  • Supply blocks, unpowered buildings, or Contaminate may cause inaccurate times.
  • Supply counts are checked every 10 seconds.